 Dungeon Crawl Stone Soup version 0.18-a0-1523-gbe15c29 (webtiles) character file.

530 Yendor the Conjurer (level 7, 0/36 HPs)
             Began as a Deep Elf Conjurer on Mar 7, 2016.
             Slain by Kotapn the merfolk
             ... wielding a +3 trident of venom
             ... created by the player character
              (12 damage)
             ... on level 5 of the Dungeon.
             The game lasted 00:16:14 (3462 turns).

Yendor the Conjurer (Deep Elf Conjurer)             Turns: 3462, Time: 00:16:14

Health: 0/36       AC:  7    Str:  5    XL:     7   Next: 3%
Magic:  18/36      EV: 13    Int: 21    God:
Gold:   198        SH:  0    Dex: 16    Spells: 3 memorised, 10 levels left

rFire  . . .     SeeInvis .     x - +1 rapier "Noitiugo" {freeze, *Rage MR++ MP+9 Stlth+}
rCold  + . .     Gourm    .     d - +2 robe {rC+}
rNeg   . . .     Faith    .     (no shield)
rPois  .         Spirit   .     (no helmet)
rElec  .         Dismiss  .     p - +0 cloak
rCorr  .         Reflect  .     m - +0 pair of gloves
SustAt .         Harm     .     h - +0 pair of boots
MR     ++...     Rnd*Rage +     (no amulet)
Stlth  +++.......               (no ring)
                                q - ring of magical power

@: very resistant to hostile enchantments, fairly stealthy
A: no striking features
a: no special abilities


You were on level 5 of the Dungeon.
You were not hungry.

You visited 1 branch of the dungeon, and saw 5 of its levels.

You collected 198 gold pieces.

Inventory:

Hand Weapons
 j - a +1 dagger
 o - a +2 quarterstaff of chaos
 u - a +0 blowgun
 w - a +3 short sword
 x - the +1 rapier "Noitiugo" (weapon) {freeze, *Rage MR++ MP+9 Stlth+}
   (You found it on level 5 of the Dungeon)

   It has been specially enchanted to freeze those struck by it, causing extra
   injury to most foes and up to half again as much damage against particularly
   susceptible opponents.
   It can also slow down cold-blooded creatures.
   It affects your resistance to hostile enchantments.
   It affects your magic capacity (+9).
   It may make you go berserk in combat.
   It makes you more stealthy.
Missiles
 a - 7 tomahawks (quivered)
 e - 18 arrows of frost
 i - 48 poisoned needles
Armour
 d - a +2 robe of cold resistance (worn)
 h - a +0 pair of boots (worn)
 m - a +0 pair of gloves (worn)
 p - a +0 cloak (worn)
Jewellery
 n - an uncursed ring of positive energy
 q - a ring of magical power (left hand)
 y - an uncursed ring of flight
Wands
 r - a wand of acid (1/15)
Scrolls
 g - a scroll of identify
 s - a scroll of enchant weapon
 t - a scroll of remove curse
Potions
 l - 2 potions of cancellation
Books
 b - a book of Conjurations

   Spells                             Type                      Level
   a - Magic Dart                     Conjuration                  1
   b - Searing Ray                    Conjuration                  2
   c - Dazzling Spray                 Conjuration/Hexes            3
   d - Fulminant Prism                Conjuration/Hexes            4
   e - Iskenderun's Mystic Blast      Conjuration                  4
   f - Iskenderun's Battlesphere      Conjuration/Charms           5
Miscellaneous
 v - a plain deck of changes {drawn: 1}
Comestibles
 c - 3 bread rations
 f - 3 meat rations


   Skills:
 + Level 0.4 Staves
 + Level 1.5 Throwing
 - Level 2.4 Dodging
 - Level 2.4 Stealth
 + Level 6.1 Spellcasting
 + Level 7.4 Conjurations
 + Level 2.3 Hexes


You had 10 spell levels left.
You knew the following spells:

 Your Spells              Type           Power        Failure   Level  Hunger
a - Magic Dart            Conj           ####         1%          1    None
b - Dazzling Spray        Conj/Hex       ####....     4%          3    ##.....
c - Iskenderun's Mystic   Conj           #####...     4%          4    ####...


Dungeon Overview and Level Annotations

Branches:
Dungeon (5/15)
 Temple: D:4-7

Altars:
Nemelex Xobeh
Pakellas
The Shining One

Shops:
D:2 }   D:4 :


Message History

Press: ? - help, Shift-Dir - straight line, f/p - Kotapn
Aim: Kotapn the merfolk, wielding a trident of venom and wearing an embroidered robe (heavily wounded, blind, durably summoned)
The spray of energy hits Kotapn.
Kotapn is heavily wounded.
Casting: Dazzling Spray
Confirm with . or Enter, or press ? or * to list all spells.
Aiming: Dazzling Spray
Press: ? - help, Shift-Dir - straight line, f/p - Kotapn
Aim: Kotapn the merfolk, wielding a trident of venom and wearing an embroidered robe (heavily wounded, blind, hasn't noticed you, durably summoned)
The spray of energy hits Kotapn.
Kotapn is heavily wounded.
Kotapn hits you with a trident of venom!
* * * LOW HITPOINT WARNING * * *
You are lethally poisoned!
* * * LOW HITPOINT WARNING * * *
You feel sick.
Drink which item? (? for menu, Esc to quit)
You feel better.
Kotapn is no longer blind.
Kotapn hits you from afar with a trident of venom!
You die...

#........# .#
.#######........#
................#
#########.......#
#..(..........##
#.####.#.......#
#m# #.#######.#
#.# #.# #.# #@#
#.#######.### #.#
#.....).....# #.#
#########.#.# #.#
#.........#.# #.#
#.#########.# #.#
#.# #.# #.# #.#
#.# #.# #.# ..#
#.####.# ###


You could see Kotapn the merfolk.

Vanquished Creatures
  The ghost of Oddball22 the Thaumaturge, a novice DEIE of Sif Muna (D:5)
  A quasit (D:5)
  Crazy Yiuf (D:2)
  A hound (D:4)
  Jessica (D:2)
  Natasha (thrice) (D:2)
  4 adders
  An adder skeleton (D:4)
  2 worms
  2 dart slugs
  2 giant geckos
  2 orcs (D:3)
  8 bats
  3 giant cockroaches
  6 hobgoblins
  6 jackals (D:3)
  8 kobolds
  A ball python (D:2)
  3 giant newts
  4 goblins
  5 hobgoblin zombies (D:5)
  A kobold zombie (D:5)
  An orc zombie (D:5)
  A quokka skeleton (D:4)
  15 rats
83 creatures vanquished.

Notes
Turn   | Place    | Note
--------------------------------------------------------------
     0 | D:1      | Yendor the Deep Elf Conjurer began the quest for the Orb.
     0 | D:1      | Reached XP level 1. HP: 10/10 MP: 6/6
   287 | D:1      | Reached XP level 2. HP: 15/15 MP: 5/8
   365 | D:1      | Reached skill level 5 in Conjurations
   931 | D:2      | Reached XP level 3. HP: 19/19 MP: 1/9
   936 | D:2      | Learned a level 3 spell: Dazzling Spray
  1277 | D:2      | Noticed Natasha
  1280 | D:2      | Killed Natasha
  1280 | D:2      | Reached XP level 4. HP: 24/24 MP: 2/11
  1294 | D:2      | Noticed Jessica
  1339 | D:2      | Killed Jessica
  1339 | D:2      | Reached skill level 1 in Hexes
  1381 | D:2      | Reached skill level 6 in Conjurations
  1541 | D:2      | Noticed Natasha
  1544 | D:2      | Killed Natasha
  1644 | D:2      | Noticed Crazy Yiuf
  1652 | D:2      | Killed Crazy Yiuf
  1652 | D:2      | Reached XP level 5. HP: 25/28 MP: 0/13
  1733 | D:2      | Found an oddly glowing altar of Pakellas.
  1733 | D:2      | Found Pakellas's Prime Provisions.
  1783 | D:2      | Noticed Natasha
  1787 | D:2      | Killed Natasha
  2160 | D:3      | Learned a level 4 spell: Iskenderun's Mystic Blast
  2235 | D:3      | Reached skill level 5 in Spellcasting
  2354 | D:3      | Found a sparkling altar of Nemelex Xobeh.
  3035 | D:4      | Found Pummenk's Book Boutique.
  3046 | D:4      | Reached XP level 6. HP: 27/32 MP: 9/15
  3153 | D:5      | Entered Level 5 of the Dungeon
  3302 | D:5      | Found a glowing golden altar of the Shining One.
  3342 | D:5      | Got an iridescent rapier
  3343 | D:5      | Identified the cursed +1 rapier "Noitiugo" {freeze, *Rage MR++ MP+9 Stlth+} (You found it on level 5 of the Dungeon)
  3441 | D:5      | Noticed Oddball22's ghost (novice DEIE)
  3444 | D:5      | Noticed Kotapn
  3449 | D:5      | Killed Oddball22's ghost
  3449 | D:5      | Reached skill level 1 in Throwing
  3449 | D:5      | Reached skill level 7 in Conjurations
  3449 | D:5      | Reached XP level 7. HP: 36/36 MP: 18/18
  3462 | D:5      | Slain by Kotapn the merfolk

Vault maps used:
D:1:      dpeg_arrival_tiny_a
D:2:      johnstein_pakellas_shop, grunt_ministairs_11,
          hangedman_decor_clover_reticule, uniq_crazy_yiuf_cottage,
          uniq_jessica, uniq_natasha
D:3:      nemelex_deck, first_bread
D:4:      serial_shops, shop, minmay_misc_feat_four_crosses
D:5:      nicolae_qazlal_eye_of_the_storm, lemuel_doored_altar,
          nicolae_tso_besieged_by_evil, uniq_edmund

Skill      XL: |  1  2  3  4  5  6 |
---------------+-------------------+-----
Conjurations   | 5 6 7 |  7.4
Spellcasting   | 4 5 6 |  6.1
Hexes          | 1 2 |  2.3
Throwing       | 1 |  1.5
Staves         | |  0.4
Dodging        | |  2.4
Stealth        | |  2.4

Action                   |  1- 3 |  4- 6 |  7- 9 || total
-------------------------+-------+-------+-------++-------
Melee: Dagger            |       |    20 |       ||    20
       Quarterstaff      |       |    28 |       ||    28
 Fire: Blowgun           |       |    14 |       ||    14
 Cast: Magic Dart        |    62 |    71 |       ||   133
       Dazzling Spray    |     4 |    19 |     6 ||    29
Evoke: Wand              |       |     3 |     1 ||     4
       Deck              |       |     1 |       ||     1
  Use: Scroll            |     5 |     5 |       ||    10
       Potion            |       |     3 |     2 ||     5
 Stab: Invisible         |       |     1 |       ||     1
       Paralysed         |       |     1 |       ||     1
  Eat: Chunk             |     1 |     8 |       ||     9
